 Dungeon Crawl Stone Soup version 0.29-a0-233-g1125b37a9b (webtiles) character file.

Game seed: 944343800836805446

180322 spaghetti the Wrestler (level 18, 0/183 (188) HPs)
             Began as a Naga Berserker on Mar 1, 2022.
             Was an Elder of Trog.
             Slain by a pharaoh ant (4 damage)
             ... on level 4 of the Spider Nest.
             The game lasted 01:00:58 (43073 turns).

spaghetti the Wrestler (Naga Berserker)            Turns: 43073, Time: 01:00:59

HP:   0/183 (188)   AC: 19    Str: 28    XL:     18   Next: 26%
MP:   18/18         EV: 10    Int:  4    God:    Trog [****..]
Gold: 256           SH: 18    Dex: 13    Spells: 17/17 levels left

rFire   . . .      SeeInvis +     - Unarmed
rCold   + + .      Faith    .   k - +0 kite shield
rNeg    . . .      Spirit   .   a - +8 ring mail of Voodefon {rC+}
rPois   +          Reflect  +   C - +0 helmet
rElec   +          Harm     .   q - +4 cloak of Redol {+Blink rElec rC+ Int-5}
rCorr   .          Rampage  .   p - +2 pair of gloves {hurl}
Will    ++...                   T - +0 barding
Stlth   +.........              w - amulet of reflection
HPRegen 0.40/turn               N - +4 ring of evasion
MPRegen 0.16/turn               (no ring)

@: lethally poisoned (0 -> -12), marked, corroded, on berserk cooldown, slowed,
lightly drained, very slow
A: AC +6, large, see invisible, deformed body, poison resistance, slowness 2,
spit poison 1, naga tail 2, agile 1, strong 1
a: Spit Poison, Renounce Religion, Evoke Blink, Berserk, Trog's Hand, Brothers
in Arms


You were on level 4 of the Spider Nest.
You worshipped Trog.
Trog was greatly pleased with you.
You visited 5 branches of the dungeon, and saw 30 of its levels.

You collected 2636 gold pieces.
You spent 2380 gold pieces at shops.


Innate Abilities, Weirdness & Mutations

Your serpentine skin is tough. (AC +6)
You have supernaturally acute eyesight. (SInv)
Armour fits poorly on your strangely shaped body.
Your system is resistant to poisons. (rPois)
You cover ground very slowly.
You can spit poison.
You can use your snake-like lower body to constrict enemies.
You are agile. (Dex +2)
Your muscles are strong. (Str +2)


   Skills:
 - Level 18.0 Fighting
 - Level 4.3 Throwing
 + Level 4.0 Armour
 - Level 1.5 Dodging
 - Level 14.0 Shields
 - Level 25.6 Unarmed Combat


You had 17 spell levels left.
You didn't know any spells.
Your spell library contained the following spells:

 Spells                   Type           Power      Damage    Failure   Level
 Beastly Appendage        Tmut           0%         N/A       78%         1
 Magic Dart               Conj           0%         1d3       78%         1
 Pain                     Necr           0%         1d4       78%         1
 Shock                    Conj/Air       0%         1d3       78%         1
 Summon Small Mammal      Summ           0%         N/A       78%         1
 Call Imp                 Summ           0%         N/A       89%         2
 Corpse Rot               Necr/Air       0%         N/A       89%         2
 Ensorcelled Hibernation  Hex/Ice        0%         N/A       89%         2
 Passwall                 Tmut/Erth      0%         N/A       89%         2
 Poisonous Vapours        Pois/Air       0%         N/A       89%         2
 Scorch                   Fire           0%         2d5       89%         2
 Sublimation of Blood     Necr           0%         N/A       89%         2
 Wereblood                Tmut           0%         N/A       89%         2
 Call Canine Familiar     Summ           0%         N/A       98%         3
 Confusing Touch          Hex            0%         N/A       98%         3
 Ignite Poison            Fire/Tmut/Pois 0%         N/A       98%         3
 Mephitic Cloud           Conj/Pois/Air  0%         N/A       98%         3
 Portal Projectile        Hex/Tloc       0%         N/A       98%         3
 Swiftness                Air            0%         N/A       98%         3
 Airstrike                Air            0%         N/A       100%        4
 Flame Wave               Conj/Fire      0%         2d4       100%        4
 Leda's Liquefaction      Hex/Erth       0%         N/A       100%        4
 Olgreb's Toxic Radiance  Pois           0%         N/A       100%        4
 Summon Lightning Spire   Summ/Air       0%         N/A       100%        4
 Agony                    Necr           0%         N/A       100%        5
 Excruciating Wounds      Necr           0%         N/A       100%        5
 Freezing Cloud           Conj/Ice/Air   0%         6-21      100%        5
 Lightning Bolt           Conj/Air       0%         1d11      100%        5
 Yara's Violent Unravell  Hex/Tmut       0%         3d3       100%        5
 Summon Cactus Giant      Summ           0%         N/A       100%        6
 Enfeeble                 Hex            0%         N/A       100%        7
 Malign Gateway           Summ/Tloc      0%         N/A       100%        7
 Ozocubu's Refrigeration  Ice            0%         4d5       100%        7
 Spellforged Servitor     Conj/Summ      0%         N/A       100%        7
 Summon Hydra             Summ           0%         N/A       100%        7
 Ignition                 Fire           0%         3d3       100%        8
 Necromutation            Tmut/Necr      0%         N/A       100%        8
 Summon Horrible Things   Summ           0%         N/A       100%        8

Inventory:

Hand Weapons
 e - a +1 hunting sling {sling}
   (You found it on level 5 of the Dungeon)
Missiles
 c - 640 stones {throwing}
 f - 35 poisoned darts {throwing}
 i - 24 boomerangs {throwing}
 o - 3 curare-tipped darts {=fthrowing}
 L - 2 silver boomerangs {throwing}
 S - 5 javelins (quivered) {throwing}
Armour
 a - the +8 ring mail of Voodefon (worn) {rC+}
   (You found it on level 1 of the Spider Nest)

   rC:        It protects you from cold.
 k - a +0 kite shield (worn)
   (You found it on level 3 of the Dungeon)
 p - a +2 pair of gloves of hurling (worn)
   (You bought it in a shop on level 1 of the Orcish Mines)
 q - the +4 cloak of Redol (worn) {+Blink rElec rC+ Int-5}
   (You bought it in a shop on level 1 of the Orcish Mines)

   Int:       It affects your intelligence (-5).
   rC:        It protects you from cold.
   rElec:     It insulates you from electricity.
   +Blink:    It lets you blink.
 C - a +0 helmet (worn)
   (You found it on level 1 of the Lair of Beasts)
 T - a +0 barding (worn)
   (You took it off Nessos on level 5 of the Lair of Beasts)
Jewellery
 g - a ring of magical power
   (You found it on level 4 of the Dungeon)
 j - an amulet of regeneration {@e2}
   (You found it on level 6 of the Dungeon)
 n - a ring of fire
   (You found it on level 1 of the Elven Halls)
 t - a +6 ring of intelligence
   (You found it on level 1 of the Elven Halls)
 w - an amulet of reflection (around neck)
   (You found it on level 10 of the Dungeon)
 N - a +4 ring of evasion (left hand)
   (You found it on level 2 of the Lair of Beasts)
 Q - a ring of resist corrosion
   (You found it on level 4 of the Lair of Beasts)
 V - a ring of protection from cold
   (You found it on level 6 of the Lair of Beasts)
Wands
 E - a wand of iceblast (15)
   (You found it on level 12 of the Dungeon)
 G - a wand of mindburst (11)
   (You found it on level 13 of the Dungeon)
 J - a wand of polymorph (24)
   (You found it on level 14 of the Dungeon)
 K - a wand of digging (9)
   (You found it on level 14 of the Dungeon)
 O - a wand of flame (9)
   (You found it on level 3 of the Lair of Beasts)
Scrolls
 b - a scroll of blinking {!r}
 h - 5 scrolls of fog
 x - 10 scrolls of teleportation {@r4}
 y - 13 scrolls of identify {@r1}
 A - 4 scrolls of immolation {!r!r}
 B - 2 scrolls of amnesia
 I - 4 scrolls of enchant armour
 Y - a scroll of magic mapping {!r}
 Z - a scroll of brand weapon
Potions
 d - 2 potions of cancellation
 l - 11 potions of curing {@q1}
 r - 5 potions of flight
 z - 2 potions of magic
 D - 3 potions of haste {@q3}
 F - 5 potions of mutation {!q}
 H - 3 potions of brilliance
 M - a potion of attraction {!q}
 R - 2 potions of heal wounds {@q2}
 U - a potion of might
 X - a potion of resistance
Miscellaneous
 v - a tin of tremorstones (2/2) {throwing}
   (You found it on level 1 of the Elven Halls)

Dungeon Overview and Level Annotations

Branches:
Dungeon (15/15)            Temple (0/1) D:5            Lair (6/6) D:10
  Swamp (0/4) Lair:2       Spider (4/4) Lair:4        Slime (0/5) Lair:6
    Orc (2/2) D:10            Elf (3/3) Orc:2        Depths (0/4) D:15
 Vaults: D:13-14

Altars:
Ashenzari
Sif Muna
Beogh
Jiyva

Shops:
D:13 (   D:15 :   Orc:1 *[   Orc:2 *[:(

Portals:
Trove: Elf:1 (give +6 demon whip)

Annotations:
D:5 exclusion: 2 doors
D:13 exclusions: door and vault guard
Elf:2 6 transporters, exclusion: orange crystal statue

.[........... ..
.......#.?.#. ..
...........# .##
s........^. ....
#.......?.. ..#.
#s....^.#°.^..#...
##s..^.#.s.........
#Bss..^..s.........
##@ss^#......^#s.#^
#.^=...^..#...s..°s
#.##..s..s..
.....wB #.#
#..y..#..#..(.Bss
..#
#^..By.y......BsB
^..
.....○.s.......sH
... #.#......
....°ss ..
..^...... ....yws
....##≈


You could see a boulder beetle (rolling), 2 wolf spiders, 4 culicivoras, a
pharaoh ant, 4 jumping spiders, a tarantella, a redback and 3 meliai.


Message History

A freezing mist starts to gather...
You block the redback's attack.
The wolf spider hits you but does no damage.
The wolf spider bites you but does no damage.
The jumping spider leaps!
You block the redback's attack. x2
A culicivora comes into view.
The wolf spider hits you. You block the wolf spider's attack.
The entropy weaver closely misses you.
The entropy weaver completely misses you.
The entropy weaver closely misses you.
The entropy weaver hits you but does no damage.
The entropy weaver gestures at you while chanting.
The entropic weave corrodes you! The wolf spider closely misses you.
The wolf spider bites you.
The jorogumo stares at you and mumbles some strange words.
The stream of webbing hits you but does no damage.
You are caught in a web!
The redback bites you.
You are poisoned.
The redback poisons you!
A meliai comes into view. It is wielding a +0 hand axe.
The jumping spider leaps!
A meliai comes into view. It is wielding a +0 hand axe.
The entropy weaver hits you!
The entropy weaver hits you but does no damage.
The entropy weaver closely misses you. The entropy weaver hits you.
The wolf spider hits you but does no damage.
The wolf spider bites you.
* * * LOW HITPOINT WARNING * * *
The jumping spider leaps!
The jorogumo hits you but does no damage.
The wolf spider hits you but does no damage.
The wolf spider bites you!
* * * LOW HITPOINT WARNING * * *
Your Armour skill increases to level 4!
A tarantella simulacrum comes into view. 😨 HP[+18]
You now have 282 max hp (+94).
You regained 18 hp, and now have 126/282 hp.
Unknown command.
Unknown command.
Unknown command.
Unknown command.
Unknown command.
The web tears apart.
You feel a strong urge to attack something.
Your surroundings suddenly seem different.
A culicivora, a tarantella, a wolf spider and a jumping spider come into view.
You feel extremely sick.
The boulder beetle leaps!
A pharaoh ant comes into view.
The tarantella simulacrum moves out of view. 😨 HP[-9]
You take 9 damage, and now have 117/282 hp.
Unknown command.
You feel yourself speed up.
You feel extremely sick.
The jumping spider leaps!
A culicivora comes into view.
The jumping spider leaps! 😨 HP[-9]
You take 9 damage, and now have 108/282 hp.
You feel your anger nearly subside.
You are no longer berserk.
You are exhausted.
You feel yourself slow down.
You feel very sick. You block the culicivora's attack.
A wolf spider comes into view.
You see here a +0 scale mail. 😨 HP[-41]
You now have 188 max hp (-94).
Unknown command.
Aiming: Dig
Press: ? - help, Shift-Dir - straight line A rock wall.
The rock shatters into small pieces.
You feel extremely sick.
A meliai comes into view. It is wielding a +0 war axe.
The culicivora bites you!
* * * LOW HITPOINT WARNING * * *
The culicivora draws strength from your injuries!
The tarantella touches you but does no damage.
You block the jumping spider's attack.
The jumping spider completely misses you.
The meliai mumbles some strange prayers to its god against you.
Something smites you!
* * * LOW HITPOINT WARNING * * *
The boulder beetle curls into a ball and begins rolling!
The jumping spider leaps!
The culicivora bites you but does no damage.
You block the jumping spider's attack.
The jumping spider bites you but does no damage.
The tarantella touches you but does no damage.
The meliai calls down the wrath of its god upon you.
Something smites you!
* * * LOW HITPOINT WARNING * * *
A culicivora comes into view.
The pharaoh ant bites you!
* * * LOW HITPOINT WARNING * * *
You feel drained.
You die...

Skill      XL: |  1  2  3  4  5  6  7  8  9 10 11 12 13 14 15 16 17 18 |
---------------+-------------------------------------------------------+-----
Unarmed Combat | 4 5 6 7 9 10 11 13 16 19 22 25 | 25.6
Shields        | 1 2 3 5 7 11 14 | 14.0
Fighting       | 7 13 16 18 | 18.0
Throwing       | 1 4 |  4.3
Armour         | 4 |  4.0
Dodging        | |  1.5

Action                   |  1- 3 |  4- 6 |  7- 9 | 10-12 | 13-15 | 16-18 || total
-------------------------+-------+-------+-------+-------+-------+-------++-------
Melee: Unarmed           |    94 |   204 |   351 |   632 |   954 |   912 ||  3147
       Punch             |       |     3 |       |       |       |       ||     3
       Constrict         |       |       |       |       |   184 |   205 ||   389
Throw: Stone             |       |       |       |       |       |    53 ||    53
       Javelin           |       |       |       |       |       |     1 ||     1
Invok: Berserk           |     5 |     6 |    10 |    22 |    19 |    18 ||    80
       Trog's Hand       |       |       |     2 |       |       |     6 ||     8
       Brothers in Arms  |       |       |       |     2 |       |    11 ||    13
 Abil: Spit Poison       |     1 |     3 |     2 |     1 |     2 |     9 ||    18
Evoke: Wand              |       |       |     7 |       |     3 |     6 ||    16
  Use: Scroll            |     1 |     4 |     4 |    12 |     4 |     7 ||    32
       Potion            |       |     2 |     7 |     6 |       |     2 ||    17
 Stab: Petrified         |       |       |       |       |     4 |       ||     4
       Invisible         |       |       |       |       |       |     4 ||     4
       Distracted        |       |       |       |       |       |     1 ||     1
Armor: Animal skin       |    11 |    14 |       |       |       |       ||    25
       Skin              |       |    22 |       |       |       |       ||    22
       Scale mail        |       |    43 |   164 |   344 |   201 |   268 ||  1020
       Ring mail         |       |       |       |       |       |   256 ||   256
Dodge: Dodged            |    44 |    67 |    98 |   212 |   153 |   296 ||   870
Block: Kite shield       |       |    51 |   158 |   599 |   597 |   921 ||  2326
       Reflection        |       |       |       |    20 |    33 |    72 ||   125

Levels and vault maps discovered:
D:1:      dpeg_arrival_snail, layout_basic,
          dreamdust_ecumenical_altar_drowned_temple
D:2:      layout_rooms
D:3:      layout_loops_ring, chequers_serial_rivers_micro_d, uniq_robin,
          uniq_ijyb
D:4:      layout_rooms
D:5:      cheibrodos_two_vegetables, layout_basic, temple_hall
D:6:      layout_cave_pods, mainiacjoe_overflow_boulevard
D:7:      layout_rooms, wad_woods_river_04, st_stairs_1,
          minmay_manual_monstrance
D:8:      layout_basic, minmay_misc_feat_nine_boxes, uniq_psyche
D:9:      cheibrodos_wizards_tower, layout_irregular_city, grunt_decor_fettered
D:10:     layout_gridville, due_lair_maze_entry_diamond, orc_0_dummy, hex_large,
          uniq_josephine
D:11:     hangedman_cross_veins, layout_cave_pools
D:12:     layout_roguey, uniq_nergalle, uniq_erolcha
D:13:     layout_cave_pools, grunt_vaults_entry_fortified, serial_shops, shop
D:14:     layout_roguey, serial_park_square2, statue_in_the_mist_lemuel,
          uniq_kirke
D:15:     grunt_enter_depths_snipers, layout_long_grid, minmay_fountain_box,
          nicolae_shop_self_help
Lair:1:   layout_gridlike, grunt_megastairs_5, serial_bayou_shore_a
Lair:2:   layout_gridlike, palyth_hydra_swamp_entry, grunt_megastairs_2
Lair:3:   pond_and_an_island_with_a_cottage, layout_regular_city,
          lemuel_fruit_fields, uniq_gastronok, uniq_snorg
Lair:4:   layout_cave_pods, spider_nest_entry_funnel_web,
          grunt_forest_small_clearings, uniq_amaemon
Lair:5:   layout_hall_layers, infiniplex_staircase_pool_2, grunt_megastairs_4,
          uniq_nessos
Lair:6:   evilmike_catoblepas_cave, layout_hall_layers,
          dpeg_slime_entry_enclosed_altar
Spider:1: layout_spider_delve, hangedman_spider_tarantella_strand, uniq_rupert,
          uniq_frances
Spider:2: layout_spider_delve
Spider:3: layout_spider_delve, special_room [special_room_bee],
          nicolae_spider_paper_wasps, nicolae_spider_cling_halls
Spider:4: grunt_spider_rune_circles, portal_ice_cave_entry_frozen_things
Orc:1:    layout_diamond_mine, serial_shops, shop, nicolae_shop_clearance,
          uniq_maurice
Orc:2:    st_orc_congregation, layout_caves, minmay_orc_temple_b
Elf:1:    layout_gridlike, basic_altar, nicolae_trove_entry_crossroad,
          minivault_28, lemuel_upstairs_altar
Elf:2:    elven_hall_of_blades_hangedman_original [mumra_blade_entry_bloodbath],
          layout_rooms, minivault_16, hangedman_elven_ridges,
          serial_nicolae_subway, nicolae_sub_station_crystal,
          nicolae_sub_station_stone, nicolae_sub_station_metal, uniq_saint_roka
Elf:3:    minmay_elf_hall_curves, layout_geoelf_castle, uniq_bai_suzhen

Notes
Turn   | Place    | Note
-------+----------+-------------------------------------------
     0 | D:1      | spaghetti the Naga Berserker began the quest for the Orb.
     0 | D:1      | Reached XP level 1. HP: 21/21 MP: 1/1
     0 | D:1      | magus.rc [v1.9.6]
    44 | D:1      | You pick up a book of Blood {forbidden} and begin
                  | reading...
    44 | D:1      | You add the spells Sublimation of Blood, Wereblood and
                  | Summon Hydra to your library.
   302 | D:1      | Found a faded altar of an unknown god.
   464 | D:1      | Reached XP level 2. HP: 24/28 MP: 2/2
   948 | D:1      | Reached skill level 4 in Unarmed Combat
  1067 | D:1      | Reached XP level 3. HP: 25/34 MP: 3/3
  1916 | D:2      | Reached XP level 4. HP: 37/42 MP: 4/4
  2216 | D:3      | Reached skill level 5 in Unarmed Combat
  2611 | D:3      | Noticed Robin
  2627 | D:3      | Killed Robin
  2628 | D:3      | Reached XP level 5. HP: 32/49 MP: 5/5
  3054 | D:3      | You pick up a book of Pain {forbidden} and begin reading...
  3054 | D:3      | You add the spells Pain, Agony and Excruciating Wounds to
                  | your library.
  3115 | D:3      | Noticed Ijyb
  3115 | D:3      | Paralysed by Ijyb for 5 turns
  3160 | D:3      | Killed Ijyb
  3161 | D:3      | Reached skill level 6 in Unarmed Combat
  3755 | D:3      | Reached ** piety under Trog
  3756 | D:3      | Reached skill level 1 in Shields
  3870 | D:3      | Reached XP level 6. HP: 45/56 MP: 6/6
  4365 | D:4      | Reached skill level 2 in Shields
  4733 | D:4      | Reached XP level 7. HP: 62/62 MP: 7/7
  4771 | D:4      | Reached skill level 7 in Unarmed Combat
  4984 | D:4      | You pick up a book of the Hunter {forbidden} and begin
                  | reading...
  4984 | D:4      | You add the spells Call Canine Familiar, Portal Projectile
                  | and Leda's Liquefaction to your library.
  5134 | D:5      | Entered Level 5 of the Dungeon
  5262 | D:5      | Gained mutation: Your spells are a little easier to cast,
                  | but a little less powerful. [potion of mutation]
  5267 | D:5      | Reached skill level 3 in Shields
  5270 | D:5      | HP: 9/62 [killer bee (8)]
  5271 | D:5      | HP: 3/62 [killer bee (7)]
  5276 | D:5      | HP: 3/62 [poisoned by a killer bee]
  5291 | D:5      | HP: 10/62 [killer bee (8)]
  5745 | D:5      | Reached XP level 8. HP: 62/69 MP: 8/8
  5766 | D:5      | Reached skill level 4 in Shields
  5766 | D:5      | Reached skill level 8 in Unarmed Combat
  5790 | D:5      | Noticed a two-headed ogre
  5800 | D:5      | Killed a two-headed ogre
  5801 | D:5      | Reached skill level 5 in Shields
  5801 | D:5      | Reached skill level 9 in Unarmed Combat
  6520 | D:5      | Reached XP level 9. HP: 53/75 MP: 9/9
  6906 | D:5      | Reached skill level 6 in Shields
  7144 | D:5      | Lost mutation: Your spells are a little easier to cast, but
                  | a little less powerful. [potion of mutation]
  7144 | D:5      | Gained mutation: Your spells are a little harder to cast,
                  | but a little more powerful. [potion of mutation]
  7354 | D:5      | Found a staircase to the Ecumenical Temple.
  7455 | D:6      | Found a broken altar of Ashenzari.
  7579 | D:6      | Reached skill level 10 in Unarmed Combat
  7779 | D:6      | You pick up a book of Burglary {forbidden} and begin
                  | reading...
  7779 | D:6      | You add the spells Passwall, Ensorcelled Hibernation and
                  | Swiftness to your library.
  8048 | D:6      | Reached *** piety under Trog
  8060 | D:6      | Reached skill level 7 in Shields
  9043 | D:7      | Noticed a troll
  9053 | D:7      | Killed a troll
  9113 | D:7      | You pick up a book of Minor Magic {forbidden} and begin
                  | reading...
  9113 | D:7      | You add the spells Magic Dart, Call Imp and Mephitic Cloud
                  | to your library.
  9114 | D:7      | Lost mutation: Your spells are a little harder to cast, but
                  | a little more powerful. [potion of mutation]
  9114 | D:7      | Gained mutation: Your muscles are strong. (Str +2) [potion
                  | of mutation]
  9114 | D:7      | Gained mutation: You are agile. (Dex +2) [potion of
                  | mutation]
  9171 | D:7      | Reached XP level 10. HP: 60/84 MP: 10/10
  9214 | D:7      | Noticed an unseen horror
  9233 | D:7      | Killed an unseen horror
  9234 | D:7      | Reached skill level 11 in Unarmed Combat
  9324 | D:7      | Reached skill level 8 in Shields
  9606 | D:7      | You add the spells Ignite Poison and Freezing Cloud to your
                  | library.
  9766 | D:7      | Reached **** piety under Trog
  9767 | D:7      | Reached skill level 9 in Shields
  9966 | D:8      | Noticed Psyche
  9972 | D:8      | Killed Psyche
 10028 | D:8      | Reached skill level 10 in Shields
 10504 | D:8      | Identified the +0 chain mail "Guorot" {Rampage}
 10883 | D:9      | Noticed an orc sorcerer
 10884 | D:9      | Noticed a wizard
 11333 | D:9      | Killed a wizard
 11334 | D:9      | Reached skill level 11 in Shields
 11334 | D:9      | Reached XP level 11. HP: 90/90 MP: 11/11
 11458 | D:9      | Identified the +0 pair of gloves of Romewk {-Tele +Inv
                  | rCorr SInv}
 11483 | D:9      | Paralysed by an orc sorcerer for 6 turns
 11488 | D:9      | HP: 21/90 [orc sorcerer/+0 dagger (5)]
 11489 | D:9      | HP: 9/90 [killer bee (2)]
 11494 | D:9      | Killed an orc sorcerer
 11495 | D:9      | Reached skill level 12 in Shields
 12305 | D:9      | Reached skill level 13 in Shields
 12430 | D:10     | Entered Level 10 of the Dungeon
 12510 | D:10     | Noticed Josephine
 12518 | D:10     | HP: 26/130 [Josephine/vampiric draining (22)]
 12519 | D:10     | HP: 12/127 [Josephine/ghostly fireball (15)]
 12521 | D:10     | Killed Josephine
 12524 | D:10     | HP: 4/135 [centaur/arrow (11)]
 12667 | D:10     | Found a staircase to the Lair.
 12684 | D:10     | Reached skill level 14 in Shields
 12704 | D:10     | HP: 17/90 [komodo dragon (17)]
 12709 | D:10     | Reached skill level 12 in Unarmed Combat
 13538 | D:10     | Found a staircase to the Orcish Mines.
 13543 | D:10     | Noticed a two-headed ogre
 13559 | D:10     | Killed a two-headed ogre
 14126 | D:11     | Noticed a centaur warrior
 14138 | D:11     | Killed a centaur warrior
 14139 | D:11     | Reached skill level 13 in Unarmed Combat
 14147 | D:11     | Reached XP level 12. HP: 97/97 MP: 12/12
 14721 | D:11     | Noticed a death knight
 14723 | D:11     | Noticed a tengu warrior
 14732 | D:11     | Killed a tengu warrior
 14733 | D:11     | Reached skill level 14 in Unarmed Combat
 14735 | D:11     | Killed a death knight
 15233 | D:11     | Noticed an eight-headed hydra
 15248 | D:11     | Killed a nine-headed hydra
 15757 | D:11     | Reached skill level 15 in Unarmed Combat
 15757 | D:11     | Noticed an eight-headed hydra
 15767 | D:11     | Killed an eight-headed hydra
 16224 | D:11     | You pick up a book of Misfortune {forbidden} and begin
                  | reading...
 16224 | D:11     | You add the spells Confusing Touch, Yara's Violent
                  | Unravelling and Enfeeble to your library.
 16444 | D:12     | You add the spells Olgreb's Toxic Radiance, Ozocubu's
                  | Refrigeration and Ignition to your library.
 16479 | D:12     | Noticed Nergalle
 16496 | D:12     | Killed Nergalle
 16497 | D:12     | Reached skill level 16 in Unarmed Combat
 16932 | D:12     | Gained mutation: You can use your snake-like lower body to
                  | constrict enemies. [Naga growth]
 16932 | D:12     | Reached XP level 13. HP: 61/103 MP: 13/13
 17490 | D:12     | Noticed Erolcha
 17502 | D:12     | Reached skill level 17 in Unarmed Combat
 17505 | D:12     | HP: 37/154 [slime creature (6)]
 17507 | D:12     | Killed Erolcha
 17862 | D:13     | Found Oteakat's Weapon Shoppe.
 18644 | D:13     | Noticed a vault guard
 19193 | D:13     | You pick up a book of Scorching {forbidden} and begin
                  | reading...
 19193 | D:13     | You add the spells Scorch, Flame Wave and Summon Cactus
                  | Giant to your library.
 19220 | D:13     | Noticed a vault guard
 19478 | D:14     | Reached skill level 18 in Unarmed Combat
 19765 | D:14     | Noticed Kirke
 19777 | D:14     | Killed Kirke
 20668 | D:15     | Entered Level 15 of the Dungeon
 20710 | D:15     | Found Wela's Self-Improvement Boutique.
 20800 | D:15     | Bought a manual of Unarmed Combat for 880 gold pieces
 20899 | D:15     | Reached skill level 19 in Unarmed Combat
 21424 | D:15     | Reached XP level 14. HP: 48/111 MP: 14/14
 21451 | D:15     | HP: 19/111 [cyclops (24)]
 21834 | D:15     | Reached skill level 20 in Unarmed Combat
 22076 | D:15     | Found a staircase to the Depths.
 22076 | D:15     | Noticed a stone giant
 22082 | D:15     | Killed a stone giant
 22586 | D:15     | Reached skill level 21 in Unarmed Combat
 22775 | Lair:1   | Entered Level 1 of the Lair of Beasts
 23122 | Lair:1   | You add the spells Malign Gateway and Summon Horrible
                  | Things to your library.
 23888 | Lair:2   | Reached skill level 22 in Unarmed Combat
 25152 | Lair:2   | Reached skill level 4 in Fighting
 25430 | Lair:2   | Found a staircase to the Swamp.
 25652 | Lair:3   | Noticed Snorg
 25660 | Lair:3   | Killed Snorg
 25661 | Lair:3   | Reached skill level 5 in Fighting
 25705 | Lair:3   | Reached skill level 6 in Fighting
 25760 | Lair:3   | Reached ***** piety under Trog
 26069 | Lair:3   | Noticed Gastronok
 26069 | Lair:3   | Gastronok the Ponderous comes into view. He is wearing the
                  | +3 hat of Pondering {ponderous, Will+ MP+10 Int+5}.
 26081 | Lair:3   | Here: Gastronok, wearing the +3 hat of Pondering
                  | {ponderous, Will+ MP+10 Int+5} (water, heavily wounded,
                  | covering ground quickly)
 26091 | Lair:3   | Killed Gastronok
 26383 | Lair:3   | Reached skill level 7 in Fighting
 26433 | Lair:3   | You pick up a book of Vapours {forbidden} and begin
                  | reading...
 26433 | Lair:3   | You add the spells Poisonous Vapours and Corpse Rot to your
                  | library.
 26435 | Lair:3   | You pick up a book of Storms {forbidden} and begin
                  | reading...
 26435 | Lair:3   | You add the spells Airstrike, Summon Lightning Spire and
                  | Lightning Bolt to your library.
 26492 | Lair:3   | You fall into a shaft and drop 1 floor!
 26512 | Lair:4   | Reached XP level 15. HP: 116/132 MP: 15/15
 26591 | Lair:4   | Reached skill level 8 in Fighting
 27079 | Lair:4   | Reached skill level 9 in Fighting
 27268 | Lair:4   | Identified the +1 scale mail of the Trout {rN+ Int+4 Dex+2}
 27563 | Lair:4   | Noticed Amaemon
 27575 | Lair:4   | Killed Amaemon
 27582 | Lair:4   | Reached skill level 10 in Fighting
 27594 | Lair:4   | Found a hole to the Spider Nest.
 28202 | Lair:5   | You add the spells Summon Small Mammal, Beastly Appendage
                  | and Spellforged Servitor to your library.
 28202 | Lair:5   | Got the Reference Book on Companions and Transformation
                  | {forbidden}
 28560 | Lair:5   | Noticed Nessos
 28564 | Lair:5   | Killed Nessos
 28565 | Lair:5   | Reached skill level 11 in Fighting
 28905 | Lair:6   | Entered Level 6 of the Lair of Beasts
 29318 | Lair:6   | Reached skill level 12 in Fighting
 29837 | Lair:6   | Reached skill level 13 in Fighting
 29922 | Lair:6   | You pick up a book of Air {forbidden} and begin reading...
 29979 | Lair:6   | Got A Thorough Guide to Thaumaturgy {forbidden}
 30096 | Lair:6   | Found a viscous altar of Jiyva.
 30096 | Lair:6   | Found a staircase to the Slime Pits.
 30395 | Orc:1    | Entered Level 1 of the Orcish Mines
 30395 | Orc:1    | Found Hitovu's Antique Armour Emporium.
 30651 | Orc:1    | Received a gift from Trog
 30657 | Orc:1    | Bought a faintly humming cloak for 342 gold pieces
 30657 | Orc:1    | Identified the +4 cloak of Redol {+Blink rElec rC+ Int-5}
                  | (You bought it in a shop on level 1 of the Orcish Mines)
 30671 | Orc:1    | Bought a pair of embroidered gloves for 270 gold pieces
 30899 | Orc:1    | Found Jouliff's CLEARANCE SALE!.
 30908 | Orc:1    | Bought 2 javelins for 8 gold pieces
 30988 | Orc:1    | Noticed Maurice
 30998 | Orc:1    | Reached skill level 1 in Throwing
 30998 | Orc:1    | Reached XP level 16. HP: 157/157 MP: 16/16
 31010 | Orc:1    | Killed Maurice
 31297 | Orc:2    | Entered Level 2 of the Orcish Mines
 31297 | Orc:2    | Found a staircase to the Elven Halls.
 31338 | Orc:2    | Reached skill level 2 in Throwing
 31664 | Orc:2    | Reached skill level 3 in Throwing
 31682 | Orc:2    | Reached ****** piety under Trog
 31689 | Orc:2    | Reached skill level 14 in Fighting
 31717 | Orc:2    | Received a gift from Trog
 31730 | Orc:2    | Reached skill level 4 in Throwing
 32179 | Orc:2    | Found Datag's General Store.
 32180 | Orc:2    | Found Siocloto's Book Shop.
 32182 | Orc:2    | Found Xommoovvo's Antique Armour Shop.
 32182 | Orc:2    | Found Hyestocw's Antique Weapon Boutique.
 32561 | Elf:1    | Entered Level 1 of the Elven Halls
 33411 | Elf:1    | Found a shimmering blue altar of Sif Muna.
 33416 | Elf:1    | Reached skill level 15 in Fighting
 33424 | Elf:1    | Received a gift from Trog
 34081 | Elf:1    | Found a portal to a secret trove of treasure.
 34248 | Elf:1    | Reached skill level 16 in Fighting
 34361 | Elf:1    | This trove needs a +6 demon whip to function. Give it the
                  | item?
 34575 | Elf:2    | Found a transporter.
 34581 | Elf:2    | Received a gift from Trog
 34582 | Elf:2    | Noticed Saint Roka
 35171 | Elf:1    | Killed Saint Roka
 36065 | Elf:2    | Found a transporter.
 36088 | Elf:2    | Found a runed translucent gate.
 36313 | Elf:3    | Entered Level 3 of the Elven Halls
 36443 | Elf:2    | Found a runed translucent gate.
 36444 | Elf:2    | Found a runed translucent gate.
 36452 | Elf:2    | Reached XP level 17. HP: 175/175 MP: 17/17
 36509 | Elf:2    | Found a transporter.
 36511 | Elf:2    | Found a transporter.
 36550 | Elf:2    | Reached skill level 17 in Fighting
 36580 | Elf:2    | HP: 37/176 [+3 vorpal battleaxe (14)]
 37059 | Elf:2    | Found a transporter.
 37060 | Elf:2    | Found a transporter.
 37113 | Elf:2    | HP: 38/178 [deep elf archer/arrow (17)]
 37631 | Elf:1    | Found a shimmering blue altar of Sif Muna.
 37760 | Elf:2    | Reached skill level 18 in Fighting
 38105 | D:15     | Bought a manual of Unarmed Combat for 880 gold pieces
 38679 | Spider:1 | Entered Level 1 of the Spider Nest
 39291 | Spider:1 | Reached skill level 23 in Unarmed Combat
 39675 | Spider:1 | Noticed Frances
 39690 | Spider:1 | Killed Frances
 39951 | Spider:1 | You fall into a shaft and drop 1 floor!
 40431 | Spider:1 | Identified the +8 ring mail of Voodefon {rC+}
 40567 | Spider:1 | Noticed Rupert
 40579 | Spider:1 | Killed Rupert
 40711 | Spider:2 | Reached skill level 24 in Unarmed Combat
 40720 | Spider:2 | HP: 42/178 [disintegration (17)]
 41497 | Spider:2 | Reached skill level 25 in Unarmed Combat
 42199 | Spider:3 | Reached XP level 18. HP: 155/188 MP: 18/18
 42606 | Spider:4 | Entered Level 4 of the Spider Nest
 42621 | Spider:4 | HP: 69/282 [wolf spider (12)]
 42626 | Spider:4 | HP: 68/282 [jumping spider (1)]
 42631 | Spider:4 | HP: 62/282 [wolf spider (4)]
 42632 | Spider:4 | Reached skill level 2 in Armour
 42639 | Spider:4 | HP: 53/282 [wolf spider (3)]
 42644 | Spider:4 | HP: 37/282 [wolf spider (1)]
 42651 | Spider:4 | HP: 38/282 [redback (1)]
 42653 | Spider:4 | Reached skill level 3 in Armour
 42657 | Spider:4 | HP: 29/282 [redback (6)]
 42663 | Spider:4 | HP: 18/188 [jumping spider (3)]
 43070 | Spider:4 | Reached skill level 4 in Armour
 43073 | Spider:4 | HP: 44/188 [culicivora (16)]
 43073 | Spider:4 | HP: 20/188 [meliai/divine providence (12)]
 43073 | Spider:4 | HP: 4/188 [pharaoh ant (16)]
 43073 | Spider:4 | Slain by a pharaoh ant

Vanquished Creatures
  Saint Roka (Elf:1)
  Rupert (Spider:1)
  Gastronok (Lair:3)
  Frances (Spider:1)
  Kirke (D:14)
  2 deep elf sorcerers
  An orc warlord (Orc:2)
  3 ghost moths
  2 emperor scorpions
  A stone giant (D:15)
  Nessos (Lair:5)
  A deep elf demonologist (Elf:2)
  3 entropy weavers
  A deep elf annihilator (Elf:1)
  A spark wasp (Spider:3)
  2 deep elf death magi
  Snorg (Lair:3)
  Josephine (D:10)
  9 hydras
  Erolcha (D:12)
  5 boulder beetles
  A death knight (D:11)
  5 catoblepae
  4 centaur warriors
  A radroach (Spider:2)
  15 death yaks
  9 dancing weapons
  5 orc high priests
  2 two-headed ogres
  5 tengu warriors
  Nergalle (D:12)
  14 deep elf knights
  3 pharaoh ants
  Amaemon (Lair:4)
  A steelbarb worm (Spider:2)
  6 orb spiders
  17 deep elf archers
  19 deep elf zephyrmancers
  5 orc knights
  3 wizards
  11 deep elf pyromancers
  16 wolf spiders
  A necromancer (Lair:3)
  3 orc sorcerers (Orc:2)
  5 cyclopes
  7 ugly things
  8 manticores
  Maurice (Orc:1)
  3 moths of wrath
  7 cane toads
  3 black mambas
  An orange demon (Lair:4)
  A gargoyle (D:14)
  2 rime drakes
  6 torpor snails
  An unseen horror (shapeshifter) (D:11)
  2 yaktaurs
  Psyche (D:8)
  2 demonic crawlers (Spider:2)
  2 unseen horrors
  A kobold demonologist (D:11)
  9 komodo dragons
  2 efreet
  A tyrant leech (Lair:2)
  A queen bee (Spider:3)
  9 trolls
  11 meliai
  A wind drake (shapeshifter) (D:15)
  12 slime creatures
  A hornet (D:7)
  6 blink frogs
  18 tarantellas
  18 jumping spiders
  2 shadows
  2 water elementals (Elf:1)
  3 air elementals
  15 culicivoras
  6 wraiths
  5 wyverns
  A vampire (D:7)
  80 yaks
  7 vampire mosquitoes
  37 redbacks
  2 fire elementals
  3 steam dragons
  2 basilisks
  7 wargs
  13 water moccasins
  2 acid dragons
  An ice beast (D:7)
  45 orc warriors
  4 sky beasts
  An elephant zombie (Lair:3)
  16 wolves
  12 ogres
  15 centaurs
  A phantom (D:5)
  4 kobold brigands
  3 gnoll sergeants
  2 necrophages
  6 bullfrogs
  4 scorpions
  2 earth elementals
  3 wights (D:8)
  21 killer bees
  6 electric eels
  4 howler monkeys
  A basilisk zombie (Lair:3)
  30 orc priests
  4 hounds
  4 jellies
  Ijyb (D:3)
  5 iguanas
  43 orc wizards
  Robin (D:3)
  8 adders
  23 gnolls
  3 white imps
  A worm (D:2)
  3 dart slugs
  88 orcs
  12 endoplasms
  A giant cockroach (D:1)
  23 goblins
  10 hobgoblins
  4 jackals (D:1)
  21 kobolds
  3 quokkas
  13 ball pythons
  A bat (D:1)
  6 frilled lizards
  3 rats (D:1)
  A spectral hobgoblin (D:1)
980 creatures vanquished.

Vanquished Creatures (collateral kills)
  A hydra (D:11)
  2 orb spiders (Spider:1)
  2 orc knights
  A deep elf pyromancer (Elf:2)
  2 orc sorcerers
  2 cyclopes
  A moth of wrath (Spider:4)
  An efreet (D:11)
  A komodo dragon (D:10)
  2 meliai (Spider:2)
  A tarantella (Spider:1)
  A jumping spider (Spider:4)
  A redback (Spider:1)
  An acid dragon (D:11)
  A water moccasin (D:10)
  2 bullfrogs (D:10)
  A gnoll sergeant (D:7)
  3 killer bees
  An orc wizard (Orc:2)
  2 gnolls (D:7)
  2 orcs (Orc:2)
  2 kobolds (D:7)
33 creatures vanquished.

Vanquished Creatures (others)
  A hydra (Lair:5)
  A manticore (D:11)
  A centaur simulacrum (D:11)
  29 fungi
  75 plants
107 creatures vanquished.

Grand Total: 1120 creatures vanquished

Table legend:
 A = Non-vault XP
 B = Vault XP
 C = Vault XP percentage of total XP
 D = Non-vault monster count
 E = Vault monster count
 F = Vault count percentage of total count
                 A         B        C        D         E       F
            +---------+---------+-------+---------+---------+-------
      Total |  176273 |   87033 |  33.1 |     746 |     269 |  26.5
            +---------+---------+-------+---------+---------+-------
        D:1 |      37 |       1 |   2.6 |      21 |       1 |   4.5
        D:2 |      50 |       0 |   0.0 |      20 |       0 |   0.0
        D:3 |     170 |      71 |  29.5 |      25 |      13 |  34.2
        D:4 |     367 |       0 |   0.0 |      31 |       0 |   0.0
        D:5 |    1239 |    1021 |  45.2 |      29 |       3 |   9.4
        D:6 |    1280 |       0 |   0.0 |      28 |       0 |   0.0
        D:7 |    1558 |    1229 |  44.1 |      28 |      11 |  28.2
        D:8 |    1003 |     365 |  26.7 |      17 |       1 |   5.6
        D:9 |    2033 |    1186 |  36.8 |      38 |       2 |   5.0
       D:10 |    1720 |    3684 |  68.2 |      21 |      16 |  43.2
       D:11 |    4850 |    7455 |  60.6 |      17 |      19 |  52.8
       D:12 |    6434 |    1648 |  20.4 |      22 |       2 |   8.3
       D:13 |    4404 |    1038 |  19.1 |      11 |       2 |  15.4
       D:14 |    5657 |    1409 |  19.9 |      10 |       1 |   9.1
       D:15 |   10618 |    2690 |  20.2 |      19 |       3 |  13.6
     Lair:1 |    3878 |    2176 |  35.9 |      19 |       3 |  13.6
     Lair:2 |    4619 |    2870 |  38.3 |      21 |       8 |  27.6
     Lair:3 |    4422 |    3371 |  43.3 |      24 |       5 |  17.2
     Lair:4 |   13556 |    2260 |  14.3 |      40 |       5 |  11.1
     Lair:5 |    3788 |    2624 |  40.9 |       8 |       3 |  27.3
     Lair:6 |    5586 |   13159 |  70.2 |      24 |      23 |  48.9
   Spider:1 |   20203 |    3501 |  14.8 |      53 |       3 |   5.4
   Spider:2 |   17034 |       0 |   0.0 |      43 |       0 |   0.0
   Spider:3 |    6011 |    2030 |  25.2 |      17 |      17 |  50.0
   Spider:4 |    8369 |    3108 |  27.1 |      25 |       8 |  24.2
      Orc:1 |    4208 |     493 |  10.5 |      45 |       1 |   2.2
      Orc:2 |    3942 |   11657 |  74.7 |      27 |      85 |  75.9
      Elf:1 |   18298 |   11562 |  38.7 |      29 |      22 |  43.1
      Elf:2 |   20939 |    6425 |  23.5 |      34 |      12 |  26.1
            +---------+---------+-------+---------+---------+-------

Illustrated notes

Table legend:
 A = Kills in this place as a percentage of kills in entire the game.
 B = Kills by you in this place as a percentage of kills by you in the entire game.
 C = Kills by friends in this place as a percentage of kills by friends in the entire game.
 D = Other kills in this place as a percentage of other kills in the entire game.
 E = Experience gained in this place as a percentage of experience gained in the entire game.
 F = Experience gained in this place divided by the number of levels of this place that you have seen.
                   A       B       C       D       E      F
               +-------+-------+-------+-------+-------+----------------------
         Total | 100.0 | 100.0 | 100.0 | 100.0 | 100.0 | 8776.9
       Dungeon |  40.5 |  39.9 |  57.6 |  50.0 |  24.0 | 4214.5
          Lair |  18.0 |  18.6 |   0.0 |  50.0 |  23.7 | 10384.8
   Spider Nest |  16.4 |  16.1 |  24.2 |   0.0 |  22.9 | 15064.0
  Orcish Mines |  15.6 |  15.6 |  15.2 |   0.0 |   7.7 | 10150.0
   Elven Halls |   9.6 |   9.8 |   3.0 |   0.0 |  21.7 | 19074.7
               +-------+-------+-------+-------+-------+----------------------

Table legend: (Time is in decaauts)
 A = Elapsed time spent in this place.
 B = Non-inter-level travel time spent in this place.
 C = Inter-level travel time spent in this place.
 D = Time resting spent in this place.
 E = Time spent auto-exploring this place.
 F = Levels seen in this place.
 G = Mean time per level.
                   A        B        C        D        E       F      G
               +--------+--------+--------+--------+--------+-----+--------+
         Total |  49792 |  47111 |   2681 |  17811 |  23576 |  30 | 1659.7 |
       Dungeon |  27702 |  25965 |   1737 |  10103 |  13019 |  15 | 1846.8 |
          Lair |   9378 |   8967 |    411 |   2557 |   5517 |   6 | 1563.0 |
   Spider Nest |   4558 |   4412 |    146 |   1759 |   1937 |   4 | 1139.5 |
  Orcish Mines |   2293 |   2216 |     77 |    415 |   1278 |   2 | 1146.5 |
   Elven Halls |   5859 |   5551 |    308 |   2976 |   1824 |   3 | 1953.0 |
               +--------+--------+--------+--------+--------+-----+--------+

Top non-repeatable levels by time:
   Elf:1: 3378 daAuts
    D:11: 2705 daAuts
     D:5: 2676 daAuts
Spider:1: 2451 daAuts
    D:15: 2447 daAuts
   Elf:2: 2436 daAuts
    D:10: 2413 daAuts
  Lair:4: 2352 daAuts
     D:3: 2341 daAuts
  Lair:2: 2140 daAuts
     D:9: 2026 daAuts
     D:6: 1969 daAuts
    D:13: 1713 daAuts
    D:12: 1588 daAuts
  Lair:6: 1576 daAuts
